 Dungeon Crawl Stone Soup version 0.32-a0-975-g85d4e5bfdb (webtiles) character file.

Game seed: 10708377384849281563

1706 porpoise the Grappler (level 8, -3/83 HPs)
             Began as a Troll Chaos Knight on Apr 18, 2024.
             Was a Plaything of Xom.
             Killed from afar by Erica (22 damage)
             ... with a bolt of poison
             ... on level 8 of the Dungeon on Apr 19, 2024.
             The game lasted 00:13:56 (4507 turns).

porpoise the Grappler (Troll Chaos Knight)          Turns: 4507, Time: 00:13:57

Health: -3/83      AC:  6    Str: 21    XL:     8   Next: 73%
Magic:  7/7        EV:  9    Int:  8    God:    Xom [.....*]
Gold:   95         SH:  0    Dex: 11    Spells: 7/7 levels left

rFire   + +          .
                       - Unarmed
rCold   . . .        (no shield)
rNeg    . . .        a - +2 robe
rPois   .            (helmet restricted)
rElec   .            (no cloak)
rCorr   .            (gloves unavailable)
SInv    .            (boots unavailable)
Will    .....        (no amulet)
Stlth   +            o - ring of protection from fire
HPRegen 1.13/turn    (no ring)
MPRegen 0.10/turn

%: no passive effects
@: lethally poisoned (-3 -> -37), slowed, very slow
A: large, unfitting armour, claws 3, regeneration 1, shaggy fur 1, tough skin 1,
antennae 1, hooves 1, fire resistance 1, subdued magic 1
a: Renounce Religion


You were on level 8 of the Dungeon.
You worshipped Xom.
You were Xom's teddy bear.
You visited 1 branch of the dungeon, and saw 7 of its levels.
You visited the Abyss 1 time.

You collected 211 gold pieces.
You spent 116 gold pieces at shops.

Inventory:

Hand Weapons
 b - a +1 heavy sling
 i - the +7 Throatcutter {drain, coup de grace}
   (You found it on level 3 of the Dungeon)
 s - a +4 dagger of venom
Missiles
 r - 5 poisoned darts (quivered)
 y - 6 boomerangs
Armour
 a - a +2 robe (worn)
Jewellery
 f - an amulet of guardian spirit
 o - a ring of protection from fire (left claw)
 v - an amulet of faith
Wands
 t - a wand of charming (8)
 C - a wand of quicksilver (12)
Scrolls
 g - 2 scrolls of brand weapon
 h - a scroll of blinking {unknown}
 j - 3 scrolls of teleportation
 l - a scroll of revelation
 n - a scroll of butterflies
 p - 2 scrolls of noise
 u - a scroll of enchant weapon
 x - a scroll of fear
 A - a scroll of amnesia
 B - 2 scrolls of enchant armour
Potions
 c - 7 potions of curing
 d - a potion of berserk rage
 e - a potion of lignification {unknown}
 k - 2 potions of mutation {unknown}
 q - a potion of enlightenment {unknown}
 w - a potion of resistance {unknown}
 z - a potion of attraction {unknown}


   Skills:
 + Level 6.0 Fighting
 - Level 1.9 Dodging
 * Level 9.6 Unarmed Combat


You had 7 spell levels left.
You didn't know any spells.
Your spell library contained the following spells:

 Spells                   Type           Power      Damage    Failure   Level
 Summon Small Mammal      Summ           0%         N/A       36%         1
 Call Canine Familiar     Summ           0%         N/A       75%         3
 Summon Blazeheart Golem  Fire/Summ      0%         N/A       99%         4


Dungeon Overview and Level Annotations

Branches:
Dungeon (6/15)             Temple (0/1) D:5

Altars:
Elyvilon
Gozag
Kikubaaqudgha
Nemelex Xobeh
Ru
Vehumet
Xom

Shops:
D:5 *

Annotations:
D:8 Erica


Innate Abilities, Weirdness & Mutations

You are too large for most types of armour.
You have claws for hands.
Your natural rate of healing is unusually fast.
You are covered in fur. (AC +1)
You have tough skin. (AC +1)
You have a pair of small antennae on your head.
You have large cloven feet.
Your flesh is heat resistant. (rF+)
Your spells are a little easier to cast, but a little less powerful.


Message History

You claw something! Your kick misses something. Something hits you!
Something burns you.
You claw something! Something hits you! Something burns you.
You closely miss something. Your kick misses something.
You hear some strange, mumbled words.
You feel yourself slow down.
You miss something. Your kick misses something. Something hits you.
You scratch something. Something hits you. Something burns you.
You closely miss something. You kick something. Something hits you.
You barely miss something. You kick something.
You hear some strange, mumbled words.
You feel as though you will be slow longer.
Something hits you! Something burns you.
You miss something. Something hits you. Something burns you.
You scratch something. Your kick misses something. Something hits you!
* * * LOW HITPOINT WARNING * * *
Something burns you.
* * * LOW HITPOINT WARNING * * *
You miss something. Your kick misses something. Something hits you!
* * * LOW HITPOINT WARNING * * *
You feel much better. Something hits you! Something burns you.
Something hits you.
* * * LOW HITPOINT WARNING * * *
Something burns you.
* * * LOW HITPOINT WARNING * * *
You barely miss something.
You hear some strange, mumbled words.
A bolt of poison appears from out of thin air!
The bolt of poison hits you!
You are poisoned.
* * * LOW HITPOINT WARNING * * *
You feel much better.
You feel extremely sick. Something hits you!
* * * LOW HITPOINT WARNING * * *
You hear some strange, mumbled words.
A bolt of poison appears from out of thin air!
The bolt of poison hits you!!
You are lethally poisoned!
You die...

......# #....# ##
#....#######..#
#....##.......#
#..........##.#
#..........#
#..........#
#..........#
#@.........+
#{.........#
#..........#
......?..........#
.................#
{.........########
..........#
###########


There were no monsters in sight!

Vanquished Creatures
  Sigmund (D:3)
  A neqoxec (Abyss:2)
  3 black bears
  3 ice beasts (D:5)
  A phantom (D:6)
  A centaur (D:6)
  2 bombardier beetles
  A hound (D:5)
  A jelly (D:5)
  2 orc priests
  Jessica (D:3)
  An iguana (D:5)
  Natasha (thrice) (D:3)
  An orc wizard (D:6)
  Robin (D:4)
  6 gnolls
  11 adders
  A white imp (D:5)
  2 ribbon worms (D:2)
  2 dart slugs (D:1)
  14 orcs
  9 endoplasms
  4 giant cockroaches
  10 goblins
  8 hobgoblins
  9 jackals
  2 quokkas
  3 ball pythons
  5 bats
  3 frilled lizards
  8 kobolds
  6 rats
126 creatures vanquished.

Vanquished Creatures (collateral kills)
  A bombardier beetle (D:5)
  An iguana (D:5)
  2 gnolls (D:5)
4 creatures vanquished.

Vanquished Creatures (others)
  A phantom (D:6)
  Terence (D:3)
  An orc (D:3)
  A frilled lizard (D:3)
4 creatures vanquished.

Grand Total: 134 creatures vanquished

Notes
Turn   | Place    | Note
-------+----------+-------------------------------------------
     0 | D:1      | porpoise the Troll Chaos Knight began the quest for the
                  | Orb.
     0 | D:1      | Reached XP level 1. HP: 22/22 MP: 0/0
     6 | D:1      | XOM: silly message
   229 | D:1      | Reached XP level 2. HP: 29/29 MP: 1/1
   425 | D:1      | XOM: divination: detect items
   594 | D:1      | XOM: silly message
   756 | D:1      | Reached XP level 3. HP: 36/36 MP: 2/2
   855 | D:1      | XOM: cloud trail
  1191 | D:2      | Reached skill level 4 in Unarmed Combat
  1211 | D:2      | XOM: smoke on damage
  1357 | D:2      | XOM: cloud trail
  1382 | D:2      | Reached XP level 4. HP: 45/45 MP: 3/3
  1852 | D:3      | XOM: noise
  1887 | D:3      | Noticed Terence
  1893 | D:3      | Killed Terence
  1893 | D:3      | XOM: divine lightning
  1937 | D:3      | Noticed Jessica
  1937 | D:3      | Noticed Natasha
  1941 | D:3      | Killed Jessica
  1942 | D:3      | Reached skill level 5 in Unarmed Combat
  1942 | D:3      | Reached XP level 5. HP: 36/53 MP: 4/4
  1947 | D:3      | XOM: enchant monster (bad)
  1948 | D:3      | Killed Natasha
  1995 | D:3      | Found a radiant altar of Vehumet.
  2025 | D:3      | Noticed Sigmund
  2027 | D:3      | XOM: noise
  2037 | D:3      | XOM: fog
  2040 | Abyss:1  | Cast into level 1 of the Abyss (Sigmund)
  2048 | Abyss:2  | Found a corrupted altar of Lugonu.
  2072 | Abyss:2  | Found a corrupted altar of Lugonu.
  2115 | Abyss:2  | Noticed a neqoxec
  2122 | Abyss:2  | Gained mutation: You occasionally shout uncontrollably at
                  | your foes. [a neqoxec]
  2126 | Abyss:2  | Killed a neqoxec
  2127 | Abyss:2  | Reached XP level 6. HP: 50/62 MP: 2/5
  2132 | Abyss:2  | Noticed a chaos spawn
  2136 | Abyss:2  | XOM: give mutations
  2136 | Abyss:2  | Gained mutation: You have a pair of small antennae on your
                  | head. [Xom's mischief]
  2136 | Abyss:2  | Lost mutation: You occasionally shout uncontrollably at
                  | your foes. [Xom's mischief]
  2136 | Abyss:2  | Gained mutation: Your flesh is heat resistant. (rF+) [Xom's
                  | mischief]
  2136 | Abyss:2  | Gained mutation: Your spells are a little easier to cast,
                  | but a little less powerful. [Xom's mischief]
  2140 | D:3      | Escaped the Abyss
  2144 | D:3      | Killed Sigmund
  2145 | D:3      | Reached skill level 6 in Unarmed Combat
  2211 | D:3      | XOM: give mutations
  2211 | D:3      | Gained mutation: Your spells are easier to cast, but less
                  | powerful. [Xom's mischief]
  2211 | D:3      | Lost mutation: Your spells are easier to cast, but less
                  | powerful. [Xom's mischief]
  2395 | D:3      | Found a sacrificial altar of Ru.
  2410 | D:3      | Identified the +2 pair of gloves of the Griffon {Dex+5}
  2426 | D:3      | Noticed Natasha
  2434 | D:3      | Killed Natasha
  2442 | D:3      | Noticed Natasha
  2443 | D:3      | XOM: silly message
  2447 | D:3      | Killed Natasha
  2724 | D:4      | Reached XP level 7. HP: 70/70 MP: 6/6
  2783 | D:4      | Noticed Robin
  2785 | D:4      | XOM: smoke on damage
  2798 | D:4      | Killed Robin
  2842 | D:4      | Reached skill level 7 in Unarmed Combat
  2872 | D:4      | XOM: 1-stop teleportation journey
  3369 | D:4      | Found a white marble altar of Elyvilon.
  3369 | D:4      | Found an ancient bone altar of Kikubaaqudgha.
  3570 | D:5      | Entered Level 5 of the Dungeon
  3570 | D:5      | Found an opulent altar of Gozag.
  3681 | D:5      | Reached skill level 5 in Fighting
  3681 | D:5      | Reached skill level 8 in Unarmed Combat
  3782 | D:5      | Found a staircase to the Ecumenical Temple.
  3846 | D:5      | Found Faun's Assorted Antiques.
  3857 | D:5      | Bought a scroll labelled RUMAFIK GAHE for 29 gold pieces
  3857 | D:5      | Bought a scroll labelled MATOSTAUXZU for 29 gold pieces
  3857 | D:5      | Bought a scroll labelled MATOSTAUXZU for 29 gold pieces
  3857 | D:5      | Bought a scroll labelled PYNIBLEA ASAU for 29 gold pieces
  3883 | D:5      | XOM: god gift: 41 gold pieces
  3886 | D:5      | XOM: blink monster(s)
  3888 | D:5      | Reached XP level 8. HP: 80/80 MP: 7/7
  3912 | D:5      | XOM: scenery: create altars
  3928 | D:5      | XOM: summons 8 friendly demons
  3936 | D:5      | XOM: scenery: summon butterflies
  4089 | D:5      | Found a sparkling altar of Nemelex Xobeh.
  4108 | D:5      | Reached skill level 9 in Unarmed Combat
  4183 | D:5      | XOM: give mutation
  4183 | D:5      | Gained mutation: You have large cloven feet. [Xom's grace]
  4272 | D:6      | XOM: divine lightning
  4473 | D:6      | You fall into a shaft and drop 2 floors!
  4484 | D:8      | Noticed Erica
  4507 | D:8      | Killed from afar by Erica

Illustrated notes

Levels and vault maps discovered:
D:1:      lordsloth_arrival_two_stooges, layout_loops_corners, kennysheep_boxes
D:2:      layout_basic, serial_bayou_pond_b
D:3:      layout_loops_ring, mainiacjoe_overflow_boulevard,
          nicolae_vehumet_altar_sigil, uniq_terence, uniq_sigmund, uniq_natasha,
          uniq_jessica
D:4:      layout_loops_ring, nicolae_overflow_two_pavilions,
          kennysheep_generic_room_9, uniq_robin
D:5:      layout_cave_pools, kennysheep_little_box, nicolae_gozag_seed_capital,
          minmay_temple_entry_nine_rooms, serial_shops, nicolae_stop_n_shop_1,
          serial_park_tiny_2
D:6:      layout_basic, reono_crystal_passage
D:8:      layout_basic, nicolae_ashenzari_skybound, uniq_joseph, uniq_erica,
          uniq_grum

Skill      XL: |  1  2  3  4  5  6  7  8 |
---------------+-------------------------+-----
Unarmed Combat | 4 5 6 8 9 |  9.6
Fighting       | 3 4 5 6 |  6.0
Dodging        | |  1.9

Action                     |  1- 3 |  4- 6 |  7- 9 || total
---------------------------+-------+-------+-------++-------
  Melee: Unarmed           |   105 |    97 |   137 ||   339
         Punch             |       |     2 |     5 ||     7
         Kick              |       |       |     5 ||     5
    Use: Potion            |     1 |       |     2 ||     3
         Scroll            |       |     4 |     6 ||    10
   Stab: Sleeping          |     2 |     1 |     2 ||     5
 Armour: Robe              |    74 |    62 |   101 ||   237
  Dodge: Dodged            |    70 |    48 |    59 ||   177

Table legend: (Time is in decaauts)
 A = Elapsed time spent in this place.
 B = Non-inter-level travel time spent in this place.
 C = Inter-level travel time spent in this place.
 D = Time resting spent in this place.
 E = Time spent auto-exploring this place.
 F = Levels seen in this place.
 G = Mean time per level.
                   A        B        C        D        E       F      G
               +--------+--------+--------+--------+--------+-----+--------+
         Total |   4481 |   4333 |    148 |    532 |   2946 |   9 |  497.9 |
       Dungeon |   4382 |   4234 |    148 |    527 |   2936 |   7 |  626.0 |
         Abyss |     98 |     98 |      0 |      5 |     10 |   2 |   49.0 |
               +--------+--------+--------+--------+--------+-----+--------+

Top non-repeatable levels by time:
     D:1: 1098 daAuts
     D:4: 919 daAuts
     D:2: 743 daAuts
     D:3: 694 daAuts
     D:5: 613 daAuts
     D:6: 278 daAuts
 Abyss:2: 91 daAuts
     D:8: 35 daAuts
 Abyss:1: 7 daAuts
